 Dungeon Crawl Stone Soup version 0.28-a0-1032-ga8db75c868 (webtiles) character file.

Game seed: 5311342750140735024

50 DrunkBamboolord the Skirmisher (level 3, 0/29 HPs)
             Began as a Demonspawn Abyssal Knight on Dec 7, 2021.
             Was a Follower of Lugonu.
             Killed by divine providence
             ... invoked by an orc priest
              (12 damage)
             ... on level 2 of the Dungeon.
             The game lasted 00:04:18 (1853 turns).

DrunkBamboolord the Skirmisher (DsAK)               Turns: 1853, Time: 00:04:19

Health: 0/29       AC:  7    Str: 15    XL:     3   Next: 55%
Magic:  5/5        EV: 10    Int: 11    God:    Lugonu [*.....]
Gold:   33         SH:  0    Dex: 13    Spells: 2/2 levels left

rFire   . . .      SeeInvis .   a - +1 falchion
rCold   . . .      Faith    .   (no shield)
rNeg    . . .      Spirit   .   d - +1 ring mail
rPois   .          Reflect  .   (no helmet)
rElec   .          Harm     .   (no cloak)
rCorr   .          Rampage  .   (no gloves)
Will    .....                   e - +0 pair of boots
Stlth   +.........              (no amulet)
HPRegen 0.09/turn               b - ring of wizardry
MPRegen 0.09/turn               (no ring)

@: no status effects
A: weakness stinger 1, demonic touch 1
a: Renounce Religion, Depart the Abyss


You were on level 2 of the Dungeon.
You worshipped Lugonu.
Lugonu was aware of your devotion.
You visited 1 branch of the dungeon, and saw 2 of its levels.
You visited the Abyss 1 time.

You collected 33 gold pieces.

Inventory:

Hand Weapons
 a - a +1 falchion (weapon)
Armour
 d - a +1 ring mail (worn)
 e - a +0 pair of boots (worn)
Jewellery
 b - a ring of wizardry (left hand)
 f - an amulet of reflection
Potions
 c - 2 potions of heal wounds


   Skills:
 * Level 3.6 Fighting
 * Level 2.5 Long Blades
 * Level 2.2 Armour
 - Level 0.8 Dodging
 * Level 2.9 Invocations


You had 2 spell levels left.
You didn't know any spells.
Your spell library contained the following spells:

 Spells                   Type           Power      Damage    Failure   Level
 Magic Dart               Conj           0%         1d3       26%         1
 Call Imp                 Summ           0%         N/A       38%         2
 Mephitic Cloud           Conj/Pois/Air  0%         N/A       58%         3
 Hailstorm                Conj/Ice       0%         3d3       92%         4
 Summon Hydra             Summ           0%         N/A       100%        7
 Polar Vortex             Ice            0%         N/A       100%        9


Dungeon Overview and Level Annotations

Branches:
Dungeon (2/15)

Altars:


Innate Abilities, Weirdness & Mutations

You have a small tail.
Your touch may inflict minor irresistible damage on your foes.


Message History

A hobgoblin comes into view.
The hobgoblin shouts!
You hit the hobgoblin.
You touch the hobgoblin.
You kill the hobgoblin!
Lugonu accepts your kill.
No target in view!
No target in view!
You open the door.
There is an open door here.
There is a stone staircase leading up here.
Found a dagger.
No target in view!
A giant cockroach comes into view.
You hit the giant cockroach. Your touch misses the giant cockroach.
The giant cockroach is moderately wounded.
The giant cockroach barely misses you. x2
You closely miss the giant cockroach.
You touch the giant cockroach.
You kill the giant cockroach!
Lugonu accepts your kill.
No target in view!
f - an amulet of reflection An orc comes into view.
It is wielding a +0 morningstar.
The orc shouts!
An orc comes into view. It is wielding a +0 war axe.
You see here a +0 dagger.
An orc and an orc priest come into view.
The orc shouts! x2
Found a stone staircase leading down.
The orc priest invokes the aid of Beogh against you.
Beogh smites you!
Ouch! That really hurt!
You see here a book of Minor Magic.
You pick up a book of Minor Magic and begin reading...
You add the spells Magic Dart, Call Imp and Mephitic Cloud to your library.
The orc hits you with a +0 morningstar.
You open the door. The orc closely misses you.
There is an open door here.
The orc priest calls down the wrath of Beogh upon you.
Beogh smites you!
You die...

#.#...#.#..........
#....#.#
#.#.#.#.#..#####.##
#....#.#
#.#...#.#.(........
###.##+##
#.###.#'##.#...###.
#......
#..........#...#
##.....
#####......#...#
..... ##......'...#
.... #'...)..##<.#
#### ##......##@.#
##......##o.#
#.......##..#
#.......##o.#
#.......#.o.# ##
#...#####o#.#..#
#...# ###'#.#..#
#...# #........#
##...###.....#..#


You could see an orc priest and 3 orcs.

Vanquished Creatures
  A worm (D:2)
  5 bats
  4 endoplasms
  6 giant cockroaches
  7 goblins
  3 hobgoblins
  A kobold (D:1)
  A quokka (D:1)
  7 ball pythons
  4 rats
39 creatures vanquished.

Notes
Turn   | Place    | Note
-------+----------+-------------------------------------------
     0 | Abyss:1  | DrunkBamboolord the Demonspawn Abyssal Knight began the
                  | quest for the Orb.
     0 | Abyss:1  | Reached XP level 1. HP: 18/18 MP: 2/2
   105 | Abyss:1  | Noticed a quasit
   115 | D:1      | Escaped the Abyss
   414 | D:1      | Found a faded altar of an unknown god.
   449 | D:1      | Discovered your monstrous ancestry.
   449 | D:1      | Gained mutation: You have a small tail. [demonic ancestry]
   449 | D:1      | Reached XP level 2. HP: 16/24 MP: 3/3
   449 | D:1      | Reached * piety under Lugonu
  1212 | D:1      | Gained mutation: Your touch may inflict minor irresistible
                  | damage on your foes. [demonic ancestry]
  1212 | D:1      | Reached XP level 3. HP: 24/29 MP: 5/5
  1783 | D:2      | Got Maczismuv's Collected Works on Icy Slavery
  1853 | D:2      | Killed from afar by an orc priest

Illustrated notes

Levels and vault maps discovered:
D:1:      dpeg_arrival_tiny_f, layout_basic, nicolae_ecumenical_lake_church
D:2:      layout_basic

Skill      XL: |  1  2 |
---------------+-------+-----
Long Blades    | 2 |  2.5
Armour         | 2 |  2.2
Fighting       | |  3.6
Dodging        | |  0.8
Invocations    | |  2.9

Action                   || total
-------------------------++-------
Melee: Falchion          ||    95
       Tailslap          ||     6
       Touch             ||     6
Invok: Depart the Abyss  ||     1
  Use: Scroll            ||     3
Armor: Leather armour    ||    26
       Ring mail         ||    13
Dodge: Dodged            ||    72

Table legend: (Time is in decaauts)
 A = Elapsed time spent in this place.
 B = Non-inter-level travel time spent in this place.
 C = Inter-level travel time spent in this place.
 D = Time resting spent in this place.
 E = Time spent auto-exploring this place.
 F = Levels seen in this place.
 G = Mean time per level.
                   A        B        C        D        E       F      G
               +--------+--------+--------+--------+--------+-----+--------+
         Total |   1874 |   1761 |    113 |     74 |   1318 |   3 |  624.7 |
       Dungeon |   1759 |   1646 |    113 |     74 |   1230 |   2 |  879.5 |
         Abyss |    115 |    115 |      0 |      0 |     88 |   1 |  115.0 |
               +--------+--------+--------+--------+--------+-----+--------+

Top non-repeatable levels by time:
     D:1: 1407 daAuts
     D:2: 352 daAuts
 Abyss:1: 115 daAuts
